 Dungeon Crawl Stone Soup version 0.29.1-15-g9cfb28693d (webtiles) character file.

Game seed: 14019623060738936715

1570 Artool the Trooper (level 8, -9/65 HPs)
             Began as a Demonspawn Gladiator on Apr 5, 2023.
             Mangled by Duvessa
             ... wielding a +0 rapier
              (18 damage)
             ... on level 7 of the Dungeon.
             The game lasted 00:15:26 (7436 turns).

Artool the Trooper (Demonspawn Gladiator)           Turns: 7436, Time: 00:15:26

Health: -9/65      AC:  9    Str: 20    XL:     8   Next: 59%
Magic:  8/8        EV: 15    Int: 11    God:
Gold:   350        SH:  0    Dex: 16    Spells: 7/7 levels left

rFire   . . .      SeeInvis .   y - +4 war axe (freeze)
rCold   . . .      Faith    .   (no shield)
rNeg    . . .      Spirit   .   b - +0 leather armour
rPois   +          Reflect  .   f - +1 helmet
rElec   .          Harm     .   (no cloak)
rCorr   .          Rampage  .   c - +0 pair of gloves
Will    .....                   (no boots)
Stlth   +.........              (no amulet)
HPRegen 0.20/turn               j - ring of poison resistance
MPRegen 0.22/turn               w - +6 ring of strength

@: no status effects
A: molten scales 2, demonic guardian 1, magic regeneration
a: no special abilities


You were on level 7 of the Dungeon.
You visited 2 branches of the dungeon, and saw 8 of its levels.
You also visited: Sewer.

You collected 350 gold pieces.

Inventory:

Hand Weapons
 y - a +4 war axe of freezing (weapon)
 B - a +2 flail of draining
 C - a +1 whip of venom
Missiles
 d - 3 throwing nets (quivered)
 p - a javelin
 s - 14 poisoned darts
Armour
 b - a +0 leather armour (worn)
 c - a +0 pair of gloves (worn)
 f - a +1 helmet (worn)
Magical Staves
 E - a staff of earth
Jewellery
 i - a ring of fire
 j - a ring of poison resistance (left hand)
 w - a +6 ring of strength (right hand)
Wands
 A - a wand of iceblast (9)
Scrolls
 a - a scroll of poison {unknown}
 l - 2 scrolls of immolation {unknown}
 q - a scroll of enchant weapon {unknown}
 r - a scroll of brand weapon {unknown}
 u - a scroll of amnesia
 x - 2 scrolls of fear {unknown}
 z - 4 scrolls of identify
 F - a scroll of vulnerability {unknown}
Potions
 e - a potion of berserk rage
 g - 3 potions of mutation {unknown}
 h - a potion of flight {unknown}
 k - a potion of cancellation
 m - a potion of heal wounds {unknown}
 n - 3 potions of haste
 o - 2 potions of brilliance {unknown}
 t - a potion of curing {unknown}
 v - a potion of resistance {unknown}
 D - 2 potions of ambrosia {unknown}
 G - a potion of attraction {unknown}
 H - a potion of degeneration {unknown}


   Skills:
 + Level 6.5 Fighting
 + Level 6.3 Maces & Flails
 - Level 1.7 Throwing
 + Level 6.3 Dodging


You had 7 spell levels left.
You didn't know any spells.
Your spell library contained the following spells:

 Spells                   Type           Power      Damage    Failure   Level
 Magic Dart               Conj           0%         1d3       38%         1
 Call Imp                 Summ           0%         N/A       54%         2
 Mephitic Cloud           Conj/Pois/Air  0%         N/A       77%         3


Dungeon Overview and Level Annotations

Branches:
Dungeon (7/15)             Temple (1/1) D:5           Sewer (visited)

Altars:
Ashenzari
Dithmenos
Fedhas
Gozag
Kikubaaqudgha
Nemelex Xobeh
Okawaru
Qazlal
Ru
Sif Muna
Trog
Uskayaw
Vehumet
Wu Jian
Xom
Yredelemnul

Shops:
D:4 (

Annotations:
D:5 3 runed translucent doors, engelados's ghost, novice DgCj
D:6 Grinder; Maggie; Sigmund
D:7 Duvessa


Innate Abilities, Weirdness & Mutations

You are mostly covered in molten scales. (AC +3)
A weak demonic guardian rushes to your aid.
You regenerate magic rapidly.


Message History

There is an open door here.
You open the door.
There is an open door here.
There is a stone staircase leading down here.
Key pressed, stopping explore.
No target in view!
You open the door.
There is an open door here.
z - 4 scrolls of identify (gained 1)
You open the door.
Dowan, Brother of Duvessa comes into view.
He is wielding a +1 dagger of holy wrath.
There is an open door here.
Duvessa, Sister of Dowan comes into view.
She is wielding a +0 rapier.
Duvessa shouts!
You slash Dowan! You freeze Dowan.
Dowan is severely wounded.
Dowan hits you but does no damage.
You hit Dowan. You freeze Dowan.
Dowan is almost dead.
Dowan casts a spell at you.
The puff of flame hits you but does no damage.
You slash Dowan! You freeze Dowan.
You kill Dowan!
Duvessa screams, "No!
How DARE you!"
Duvessa goes berserk!
Duvessa hits you with a +0 rapier!
A demonic guardian appears!
You hit Duvessa. You freeze Duvessa.
Duvessa is lightly wounded.
Duvessa hits you with a +0 rapier! x2; Your white imp hits Duvessa.
Your white imp freezes Duvessa.
You are too injured to fight recklessly!
You are too injured to fight recklessly!
You are too injured to fight recklessly!
Unknown command.
You barely miss Duvessa.
Duvessa is lightly wounded.
Duvessa hits you with a +0 rapier!
* * * LOW HITPOINT WARNING * * *
Duvessa hits you with a +0 rapier!!
You die...

#### ############ ...#
#........... ...#
#........... ...#
#./......... ...#
#........... ...+
#...5e...... ...#
#...@)...... ...###
#####...........
.###.####...##'######+##
.+..................#
.#..................#
.#'####.##..##+###.##
....###.##..# #
....#....#..#
....+....#..#


You could see Duvessa (berserk, ally target) and a friendly white imp
(summoned).

Vanquished Creatures
  An ice beast (D:7)
  2 ogres
  An orc warrior (D:5)
  Blork the orc (D:4)
  A necrophage (D:5)
  3 scorpions
  Dowan (D:7)
  An orc priest (D:5)
  2 gnoll boudas
  4 hounds
  2 orc wizards
  An iguana (D:5)
  Robin (D:3)
  11 gnolls
  5 adders
  A white imp (D:6)
  2 ufetubi (D:5)
  A worm (D:2)
  4 dart slugs
  11 orcs
  7 ball pythons
  12 endoplasms
  8 giant cockroaches
  12 goblins
  11 hobgoblins
  6 jackals
  5 kobolds
  8 quokkas
  11 bats
  4 frilled lizards
  5 rats
  2 bushes (D:1)
147 creatures vanquished.

Vanquished Creatures (collateral kills)
  A wyvern (D:7)
  A water moccasin (Sewer)
  A hound (D:4)
  An orc (D:4)
4 creatures vanquished.

Vanquished Creatures (others)
  A fungus (D:5)
  6 plants
7 creatures vanquished.

Grand Total: 158 creatures vanquished

Notes
Turn   | Place    | Note
-------+----------+-------------------------------------------
     0 | D:1      | Artool the Demonspawn Gladiator began the quest for the
                  | Orb.
     0 | D:1      | Reached XP level 1. HP: 16/16 MP: 1/1
   439 | D:1      | Gained mutation: You regenerate magic rapidly. [demonic
                  | ancestry]
   439 | D:1      | Reached XP level 2. HP: 22/22 MP: 2/2
  1154 | D:2      | Gained mutation: You are partially covered in molten
                  | scales. (AC +2) [demonic ancestry]
  1154 | D:2      | Reached XP level 3. HP: 28/28 MP: 3/3
  1392 | D:2      | Found a faded altar of an unknown god.
  2238 | D:3      | Reached XP level 4. HP: 16/35 MP: 4/4
  2843 | D:3      | Noticed Robin
  2866 | D:3      | Killed Robin
  3334 | D:4      | Gained mutation: A weak demonic guardian rushes to your
                  | aid. [demonic ancestry]
  3334 | D:4      | Reached XP level 5. HP: 41/41 MP: 5/5
  3395 | D:4      | Found Uselimuk's Weapon Emporium.
  3482 | D:4      | Found a glowing drain.
  3515 | Sewer    | Entered a sewer
  3546 | Sewer    | Noticed a water moccasin
  3562 | Sewer    | Killed a water moccasin
  3563 | Sewer    | Reached XP level 6. HP: 33/48 MP: 6/6
  3846 | D:4      | Found a blossoming altar of Fedhas.
  4147 | D:4      | Noticed Blork the orc
  4156 | D:4      | Killed Blork the orc
  4669 | D:5      | Entered Level 5 of the Dungeon
  4875 | D:5      | Gained mutation: You are mostly covered in molten scales.
                  | (AC +3) [demonic ancestry]
  4875 | D:5      | Reached XP level 7. HP: 39/55 MP: 7/7
  4986 | D:5      | Reached skill level 5 in Dodging
  5214 | D:5      | Reached skill level 5 in Maces & Flails
  5215 | D:5      | Reached skill level 5 in Fighting
  5371 | D:5      | Found a staircase to the Ecumenical Temple.
  5380 | Temple   | Entered the Ecumenical Temple
  5921 | D:5      | Found a runed translucent gate.
  5921 | D:5      | Found a runed translucent gate.
  5921 | D:5      | Found a runed translucent gate.
  5922 | D:5      | Noticed engelados's ghost (novice DgCj)
  5974 | D:6      | Found an ancient bone altar of Kikubaaqudgha.
  5974 | D:6      | Found an opulent altar of Gozag.
  5974 | D:6      | Found a stormy altar of Qazlal.
  5974 | D:6      | Found a broken altar of Ashenzari.
  5975 | D:6      | Found a radiant altar of Vehumet.
  5982 | D:6      | Reached XP level 8. HP: 64/64 MP: 8/8
  6010 | D:6      | Noticed Grinder
  6013 | D:6      | Paralysed by Grinder for 3 turns
  6015 | D:6      | Noticed Maggie
  6035 | D:5      | HP: 1/64 [orc warrior/+0 battleaxe (11)]
  6696 | D:6      | Noticed Sigmund
  7429 | D:7      | Noticed Dowan
  7430 | D:7      | Noticed Duvessa
  7434 | D:7      | Killed Dowan
  7436 | D:7      | Mangled by Duvessa

Illustrated notes

Levels and vault maps discovered:
D:1:      lightli_arrival_maybe_door_vault, layout_rooms, serial_forest,
          infiniplex_forest_zigzag_1, infiniplex_forest_clump_curved,
          infiniplex_forest_end_2, infiniplex_forest_straight_2,
          infiniplex_forest_clump_small, infiniplex_forest_lined_3,
          infiniplex_forest_straight_2
D:2:      layout_basic, ebering_ecumenical_altar_abandoned, minmay_pentomino_u2
D:3:      layout_basic, uniq_robin
D:4:      layout_loops_ring, mainiacjoe_overflow_brackets, gup_sewer_entry_pipe,
          serial_shops, shop, uniq_blork_the_orc
D:5:      layout_loops_ring, minmay_temple_entry_hall,
          gammafunk_ghost_nasty_kobolds
D:6:      layout_loops_ring, grunt_temple_overflow_open, uniq_maggie,
          uniq_grinder, uniq_sigmund
D:7:      layout_gridville, zin_scriptorium, uniq_duvessa
Temple:   hellmonk_temple_micro_hex

Skill      XL: |  1  2  3  4  5  6  7  8 |
---------------+-------------------------+-----
Dodging        | 3 4 5 6 |  6.3
Maces & Flails | 3 4 5 6 |  6.3
Fighting       | 3 4 5 6 |  6.5
Throwing       | |  1.7

Action                   |  1- 3 |  4- 6 |  7- 9 || total
-------------------------+-------+-------+-------++-------
Melee: Flail             |   269 |   227 |       ||   496
       Punch             |     2 |     2 |     1 ||     5
       War axe           |       |    25 |   115 ||   140
Throw: Javelin           |       |     1 |       ||     1
  Use: Scroll            |       |     6 |       ||     6
       Potion            |       |     1 |       ||     1
 Stab: Sleeping          |     1 |     1 |       ||     2
Armor: Leather armour    |    57 |   100 |    29 ||   186
Dodge: Dodged            |   120 |   160 |    85 ||   365
